 Dungeon Crawl Stone Soup version 0.23.0 (webtiles) character file.

Game seed: 11360518219392199196

6244 yemeth the Basher (level 10, -13/90 HPs)
             Began as a Minotaur Berserker on Feb 8, 2019.
             Was an Elder of Trog.
             Mangled by a komodo dragon (24 damage)
             ... on level 1 of the Lair of Beasts.
             The game lasted 00:30:09 (7821 turns).

yemeth the Basher (Minotaur Berserker)              Turns: 7821, Time: 00:30:10

Health: -13/90     AC:  8    Str: 25    XL:     10   Next: 62%
Magic:  9/9        EV: 14    Int:  4    God:    Trog [****..]
Gold:   407        SH:  0    Dex: 13    Spells: 9/9 levels left

rFire    + . .     SeeInvis .   z - +2 great sword (freeze)
rCold    . . .     Gourm    .   (shield currently unavailable)
rNeg     . . .     Faith    .   w - +1 ring mail {rF+}
rPois    .         Spirit   .   (helmet restricted)
rElec    .         Reflect  .   (no cloak)
rCorr    .         Harm     .   (no gloves)
MR       .....                  (no boots)
Stlth    +.........             (no amulet)
HPRegen  0.25/turn              e - +3 ring of dexterity
MPRegen  0.11/turn              (no ring)

@: lethally poisoned (-13 -> -21)
A: retaliatory headbutt, horns 2
a: Berserk, Trog's Hand, Brothers in Arms, Renounce Religion


You were on level 1 of the Lair of Beasts.
You worshipped Trog.
Trog was greatly pleased with you.
You were not hungry.

You visited 3 branches of the dungeon, and saw 10 of its levels.

You collected 407 gold pieces.

Inventory:

Hand Weapons
 t - a +1 short sword of freezing
 u - a +3 scimitar of electrocution
 v - a +2 flail of draining
 z - a +2 great sword of freezing (weapon)
 B - a +4 spear of venom
Armour
 a - the +1 ring mail "Keokamonn" {-Tele rF++ MR+, unknown}
   (You found it on level 7 of the Dungeon)

   It greatly protects you from fire.
   It affects your resistance to hostile enchantments.
   It prevents most forms of teleportation.
 w - a +1 ring mail of fire resistance (worn)
Jewellery
 e - a +3 ring of dexterity (left hand)
Wands
 r - a wand of flame (10)
 D - a wand of polymorph (6)
Scrolls
 d - 3 scrolls of fog {unknown}
 f - 2 scrolls of amnesia {unknown}
 h - 10 scrolls of identify {unknown}
 o - a scroll of remove curse {unknown}
 q - a scroll of magic mapping {unknown}
 x - 2 scrolls of enchant armour {unknown}
 y - 3 scrolls of fear {unknown}
 A - a scroll of teleportation {unknown}
 C - a scroll of summoning {unknown}
Potions
 b - a potion of haste {unknown}
 g - a potion of degeneration {unknown}
 i - a potion of flight {unknown}
 j - a potion of berserk rage {unknown}
 k - 2 potions of magic {unknown}
 l - a potion of mutation {unknown}
 m - a potion of ambrosia {unknown}
 n - 4 potions of might {unknown}
 p - a potion of lignification {unknown}
 s - 4 potions of curing
Comestibles
 c - 9 rations


   Skills:
 + Level 8.6 Fighting
 + Level 8.4 Long Blades
 + Level 10.3 Maces & Flails
 + Level 5.2 Polearms
 + Level 8.8 Armour
 + Level 6.0 Dodging
 + Level 2.1 Stealth


You had 9 spell levels left.
You didn't know any spells.
Your spell library was empty.

Dungeon Overview and Level Annotations

Branches:
Dungeon (8/15)             Temple (1/1) D:6            Lair (1/6) D:8

Altars:
Ashenzari
Cheibriados
Dithmenos
Fedhas
Hepliaklqana
Makhleb
Nemelex Xobeh
Qazlal
Ru
Sif Muna
Trog
Uskayaw
Xom
Yredelemnul
Zin
The Shining One


Innate Abilities, Weirdness & Mutations

You reflexively headbutt those who attack you in melee.
You have a pair of horns on your head.


Message History

You freeze the komodo dragon. Your headbutt misses the komodo dragon.
The komodo dragon is heavily wounded.
The black mamba bites you!
You are poisoned.
The black mamba poisons you! The black mamba misses you.
You furiously retaliate!
You headbutt the black mamba.
You riposte.
You miss the black mamba.
The black mamba is lightly wounded.
The komodo dragon bites you!
* * * LOW HITPOINT WARNING * * *
You feel sick. The black mamba closely misses you. You furiously retaliate!
You headbutt the black mamba.
You riposte.
You closely miss the black mamba. You headbutt the black mamba!
The black mamba is moderately wounded.
The black mamba misses you. You furiously retaliate!
You headbutt the black mamba!
You riposte.
You miss the black mamba.
You headbutt the black mamba, but do no damage.
The black mamba is severely wounded.
The komodo dragon bites you!!
You die...

#......##### ....
#..........## ....
#..##.......##...
^....##.........#
......##.........#
...##..##.........#
#.S #..##.........#
#. ... #....l....#
#....@S.?.#
#..............
.................
............##..#
.##.........# ..#
#.........# ..#
#.........# .#
#.........#


You could see a komodo dragon and a black mamba.

Vanquished Creatures
  A two-headed ogre (D:6)
  A centaur skeleton (D:8)
  Grinder (D:3)
  Sigmund (D:5)
  A human (D:7)
  7 yaks
  3 hogs (D:7)
  Menkaure (D:5)
  Edmund (D:5)
  5 porcupines
  2 sky beasts (D:3)
  An eye of draining (D:6)
  A phantom (D:6)
  3 black bears
  2 centaurs
  3 ogres
  2 crocodiles (D:8)
  Blork the orc (D:4)
  A bullfrog (D:7)
  A gnoll sergeant (D:7)
  4 scorpions
  A water moccasin skeleton (D:4)
  5 wights (D:6)
  An electric eel (D:7)
  A howler monkey (D:7)
  4 crimson imps
  A centaur zombie (D:5)
  A jelly (D:6)
  An orc wizard (D:4)
  A quasit (D:8)
  3 hounds
  Crazy Yiuf (D:5)
  A bullfrog skeleton (D:6)
  An orc priest (D:7)
  3 worker ants
  Ijyb (D:4)
  2 hound skeletons (D:4)
  2 worker ant zombies
  4 adders
  6 gnolls
  A shadow imp (D:6)
  An ooze (D:2)
  An adder zombie (D:7)
  4 adder skeletons
  A worm (D:4)
  3 dart slugs
  5 leopard geckos
  13 orcs
  11 giant cockroaches
  8 goblins
  4 hobgoblins
  4 jackals (D:3)
  4 quokkas
  6 ball pythons (D:3)
  9 bats
  2 frilled lizards (D:1)
  A giant cockroach zombie (D:5)
  2 gnoll zombies (D:5)
  A jackal skeleton (D:7)
  3 kobolds
  3 leopard gecko skeletons (D:4)
  A quokka skeleton (D:4)
  5 rats
  A fungus (D:8)
  4 plants
181 creatures vanquished.

Vanquished Creatures (others)
  3 fungi (D:8)
  2 plants (D:8)
5 creatures vanquished.

Grand Total: 186 creatures vanquished

Notes
Turn   | Place    | Note
-------+----------+-------------------------------------------
     0 | D:1      | yemeth the Minotaur Berserker began the quest for the Orb.
     0 | D:1      | Reached XP level 1. HP: 19/19 MP: 0/0
   194 | D:1      | Reached XP level 2. HP: 26/27 MP: 1/1
  1045 | D:2      | Reached XP level 3. HP: 33/33 MP: 2/2
  1143 | D:2      | Reached ** piety under Trog
  1918 | D:3      | Noticed a sky beast
  1926 | D:3      | Killed a sky beast
  1926 | D:3      | Reached skill level 1 in Maces & Flails
  1926 | D:3      | Reached skill level 5 in Polearms
  1926 | D:3      | Reached XP level 4. HP: 22/41 MP: 3/3
  1926 | D:3      | Reached XP level 5. HP: 25/47 MP: 4/4
  1977 | D:3      | Noticed a sky beast
  1986 | D:3      | HP: 1/47 [something (6)]
  1987 | D:3      | Killed a sky beast
  1987 | D:3      | Reached skill level 2 in Maces & Flails
  2501 | D:3      | Reached XP level 6. HP: 54/55 MP: 5/5
  2719 | D:3      | Noticed Grinder
  2729 | D:3      | Killed Grinder
  2729 | D:3      | Reached skill level 5 in Fighting
  2729 | D:3      | Reached skill level 3 in Maces & Flails
  2729 | D:3      | Reached skill level 5 in Armour
  2938 | D:4      | Reached skill level 4 in Maces & Flails
  2951 | D:4      | Reached XP level 7. HP: 53/61 MP: 6/6
  3135 | D:4      | Noticed Ijyb
  3143 | D:4      | Killed Ijyb
  3356 | D:4      | Reached *** piety under Trog
  3399 | D:4      | Reached skill level 5 in Maces & Flails
  3566 | D:4      | Found a glowing golden altar of the Shining One.
  3856 | D:4      | Noticed Blork the orc
  3862 | D:4      | Killed Blork the orc
  3862 | D:4      | Reached skill level 6 in Maces & Flails
  4089 | D:5      | Entered Level 5 of the Dungeon
  4105 | D:5      | Noticed Edmund
  4112 | D:5      | Killed Edmund
  4112 | D:5      | Reached XP level 8. HP: 69/69 MP: 7/7
  4244 | D:5      | Reached skill level 1 in Stealth
  4383 | D:5      | Noticed Sigmund
  4394 | D:5      | Killed Sigmund
  4394 | D:5      | Reached skill level 7 in Maces & Flails
  4494 | D:5      | Noticed Menkaure
  4502 | D:5      | Killed Menkaure
  4760 | D:5      | Found a basalt altar of Yredelemnul.
  4945 | D:5      | Found a runed translucent door.
  4946 | D:5      | Noticed Crazy Yiuf
  4952 | D:5      | Killed Crazy Yiuf
  5057 | D:6      | Noticed a two-headed ogre
  5071 | D:6      | Killed a two-headed ogre
  5071 | D:6      | Reached skill level 1 in Long Blades
  5071 | D:6      | Reached skill level 9 in Maces & Flails
  5071 | D:6      | Reached XP level 9. HP: 71/78 MP: 2/8
  5110 | D:6      | Found a staircase to the Ecumenical Temple.
  5525 | Temple   | Entered the Ecumenical Temple
  5881 | D:7      | Found a sparkling altar of Nemelex Xobeh.
  5886 | D:7      | Found a glowing silver altar of Zin.
  5889 | D:7      | Found a stormy altar of Qazlal.
  5892 | D:7      | Found a deep blue altar of Sif Muna.
  5948 | D:7      | Reached skill level 10 in Maces & Flails
  5956 | D:7      | Reached skill level 5 in Dodging
  6337 | D:7      | Reached **** piety under Trog
  6688 | D:7      | Reached skill level 5 in Long Blades
  6688 | D:7      | Reached XP level 10. HP: 88/88 MP: 9/9
  6701 | D:7      | Got a steaming ring mail
  7104 | D:8      | Found a staircase to the Lair.
  7139 | D:8      | HP: 1/88 [yak (7)]
  7306 | D:8      | Found a hazy altar of Hepliaklqana.
  7738 | Lair:1   | Entered Level 1 of the Lair of Beasts
  7815 | Lair:1   | Noticed a black mamba
  7821 | Lair:1   | Mangled by a komodo dragon

Skill      XL: |  1  2  3  4  5  6  7  8  9 10 |
---------------+-------------------------------+-----
Polearms       | 4 5 |  5.2
Fighting       | 4 5 6 7 8 |  8.6
Maces & Flails | 1 2 4 6 9 10 | 10.3
Armour         | 3 4 5 6 7 8 |  8.8
Dodging        | 3 4 5 6 |  6.0
Stealth        | 1 2 |  2.1
Long Blades    | 1 5 8 |  8.4

Action                   |  1- 3 |  4- 6 |  7- 9 | 10-12 || total
-------------------------+-------+-------+-------+-------++-------
Melee: Spear             |    54 |       |       |       ||    54
       Headbutt          |    18 |    15 |    70 |    30 ||   133
       Mace              |    30 |    46 |    77 |       ||   153
       Scimitar          |       |       |     4 |       ||     4
       Flail             |       |       |   100 |       ||   100
       Great sword       |       |       |    73 |    79 ||   152
Invok: Trog's Hand       |       |       |     4 |     1 ||     5
       Berserk           |       |       |     2 |     1 ||     3
  Use: Potion            |       |       |     1 |       ||     1
  Eat: Chunk             |     1 |     1 |       |     1 ||     3
       Ration            |     1 |       |     5 |     1 ||     7
Armor: Animal skin       |     8 |       |       |       ||     8
       Scale mail        |    21 |    27 |    22 |       ||    70
       Ring mail         |       |       |    45 |    38 ||    83
Dodge: Dodged            |    80 |    20 |   168 |    84 ||   352
       Rpst.: Scimitar   |       |       |     1 |       ||     1
       Great sword       |       |       |    15 |    17 ||    32
